AoeStats
← IsraDguez

Arabia

510189781Analyzed
1v1 RM · 3d ago on Sep 29, 2026· 38m 53s· 2 players
Game mode
Random Map
Map size
Tiny (2 player)
Population
200
Speed
Normal
Resources
Standard
Victory
Conquest
Starting age
Dark Age
Ending age
Imperial Age
RankedLock teamsTeams togetherTeam positionsShared explorationLock speedFull tech treeHidden civsTurbo modeCheats
Victory
Defeat
🇨🇱 Goths · Chile
844
+18
🇲🇽 Maya · Mexico
881
-18
arvaro90
2:14 Loom
11:54 Feudal Age
15:28 Castle Age
16:10 Double-Bit Axe
16:08 Horse Collar
21:29 Heavy Plow
24:40 Squires
25:45 Scale Mail Armor
26:15 Bow Saw
28:09 Gold Mining
29:03 Anarchy
30:16 Chain Mail Armor
30:13 Forging
34:20 Imperial Age
33:34 Iron Casting
33:12 Masonry
35:22 Conscription
36:03 Chemistry
35:57 Wheelbarrow
35:07 Town Watch
35:49 Town Patrol
35:52 Perfusion
35:14 Elite Huskarl
IsraDguez
0:25 Loom
9:29 Feudal Age
12:23 Scale Mail Armor
16:13 Fletching
19:10 Man-at-Arms
22:23 Castle Age
23:30 Double-Bit Axe
23:09 Long Swordsman
25:29 Forging
25:31 Squires
25:21 Arson
26:41 Chain Mail Armor
29:45 Iron Casting
30:25 Wheelbarrow
37:03 Imperial Age
37:07 Capped Ram
37:22 Two-Handed Swordsman
Connection lost

Rejoining the realm…

Still unreachable

The connection could not be restored.

Session expired

The server has moved on; the page needs a fresh start.